 Dungeon Crawl Stone Soup version 0.28.0-53-g5a82cb258f (webtiles) character file.

Game seed: 508167248605385425

586 styxcanada the Covert (level 7, -4/35 HPs)
             Began as a Spriggan Brigand on Aug 13, 2022.
             Killed by divine providence
             ... invoked by an orc priest
              (15 damage)
             ... on level 5 of the Dungeon.
             The game lasted 00:15:37 (4628 turns).

styxcanada the Covert (Spriggan Brigand)            Turns: 4628, Time: 00:15:38

Health: -4/35      AC:  3    Str:  7    XL:     7   Next: 15%
Magic:  8/8        EV: 19    Int: 12    God:
Gold:   194        SH:  0    Dex: 19    Spells: 3/6 levels left

rFire   . . .      SeeInvis +   h - +0 dagger (venom)
rCold   . . .      Faith    .   (no shield)
rNeg    . . .      Spirit   .   b - +0 robe
rPois   .          Reflect  .   (helmet restricted)
rElec   .          Harm     .   c - +0 cloak
rCorr   +          Rampage  .   (gloves unavailable)
Will    +....                   (boots unavailable)
Stlth   +++++.....              (no amulet)
HPRegen 0.11/turn               s - ring of resist corrosion
MPRegen 0.11/turn               (no ring)

@: very quick
A: very small, no large weapons, unfitting armour, see invisible, speed 3
a: no special abilities


You were on level 5 of the Dungeon.
You visited 1 branch of the dungeon, and saw 5 of its levels.

You collected 194 gold pieces.

Inventory:

Hand Weapons
 a - a +2 dagger
 e - a +4 quarterstaff of chaos
 h - a +0 dagger of venom (weapon)
 z - a +0 hunting sling
Missiles
 f - 217 stones
 r - 59 sling bullets
 t - 2 curare-tipped darts (quivered)
 x - 3 poisoned darts
Armour
 b - a +0 robe (worn)
 c - a +0 cloak (worn)
 d - an orb of energy
Magical Staves
 w - a staff of fire
Jewellery
 p - an amulet of faith
 s - a ring of resist corrosion (left hand)
 y - a ring of wizardry
Scrolls
 j - 2 scrolls of identify {unknown}
 l - a scroll of acquirement {unknown}
 n - 3 scrolls of magic mapping {unknown}
 v - 2 scrolls of teleportation {unknown}
Potions
 g - 2 potions of heal wounds {unknown}
 i - 3 potions of degeneration {unknown}
 k - a potion of lignification {unknown}
 m - 2 potions of curing {unknown}
 o - a potion of brilliance
 q - a potion of haste {unknown}
 u - a potion of might {unknown}
 A - a potion of cancellation {unknown}


   Skills:
 * Level 2.8 Fighting
 + Level 3.5 Short Blades
 + Level 0.3(2.5) Slings
 + Level 3.3 Throwing
 * Level 3.9 Dodging
 * Level 10.0 Stealth
 * Level 0.1 Spellcasting


You had 3 spell levels left.
You knew the following spells:

 Your Spells              Type           Power      Damage    Failure   Level
a - Magic Dart            Conj           0%         1d3       32%         1
b - Searing Ray           Conj           0%         2d4       45%         2

Your spell library contained the following spells:

 Spells                   Type           Power      Damage    Failure   Level
 Gell's Gravitas          Tloc           0%         N/A       69%         3
 Inner Flame              Hex/Fire       0%         N/A       69%         3
 Teleport Other           Tloc           0%         N/A       69%         3
 Cause Fear               Hex            0%         N/A       97%         4
 Fulminant Prism          Conj/Hex       0%         3d6       97%         4
 Dispersal                Tloc           0%         N/A       100%        6
 Discord                  Hex            0%         N/A       100%        8


Dungeon Overview and Level Annotations

Branches:
Dungeon (5/15)
 Temple: D:4-7

Altars:
Wu Jian

Shops:
D:2 *   D:5 !


Innate Abilities, Weirdness & Mutations

You are very small and have problems with some larger weapons.
You are too small for most types of armour.
You have supernaturally acute eyesight. (SInv)
You cover ground extremely quickly. (Speed+++)


Message History

There is an open door here.
You open the door.
There is an open door here.
You open the door.
An orc comes into view. It is wielding a +0 club.
Found a stone staircase leading down.
The orc shouts!
You hear a shout!
You hear a bark!
You hear a shout!
There is an open door here.
An orc priest comes into view. It is wielding a +0 flail.
The orc hits you with a +0 club.
The orc priest mumbles some strange prayers to Beogh against you.
Beogh smites you!
You barely miss the orc.
A hound comes into view.
The orc barely misses you.
The hound barks!
You hit the orc but do no damage.
The orc is poisoned.
The orc misses you.
You hit the orc.
The orc looks as sick as possible!
The orc is heavily wounded.
An orc comes into view. It is wielding a +0 flail.
The orc completely misses you.
You hit the orc but do no damage.
The orc is heavily wounded.
You kill the orc!
An orc comes into view. It is wielding a +0 dagger.
The orc priest looks satisfied for a moment.
Things that are here:
a +0 club; a +0 leather armour; an orc corpse The orc priest closely misses you.
An orc comes into view.
It is wielding a +0 flail and carrying a wand of iceblast (9).
The orc shouts!
You hit the orc priest but do no damage.
The orc priest is poisoned.
The orc priest invokes the aid of Beogh against you.
Beogh smites you!
You hit the orc priest but do no damage.
The orc priest looks as sick as possible!
The orc priest invokes the aid of Beogh against you.
Beogh smites you!
You die...

.. #.....# ..
#.....## '##......#
........#
oo.....+.....# +##
#o....##.....##...#
##.o...##...........
+..@................
##.....##.....##....
##..)..##.....##....
#......#............
#......'............
##.....##...........
#....>##.....##...#
#.....###'#####...#
#.................#


You could see an orc priest (extremely poisoned) and 3 orcs.

Vanquished Creatures
  An orc warrior (D:4)
  A necrophage (D:4)
  An ogre (D:4)
  2 hounds
  A jelly (D:4)
  Crazy Yiuf (D:3)
  An iguana (D:4)
  An orc wizard (D:4)
  Natasha (thrice) (D:3)
  2 adders
  An adder skeleton (D:4)
  2 worms
  3 orcs
  5 bats
  2 endoplasms
  3 giant cockroaches
  8 goblins
  3 hobgoblins
  3 jackals (D:3)
  2 quokkas
  3 ball pythons
  A frilled lizard (D:1)
  6 kobolds
  10 rats
66 creatures vanquished.

Notes
Turn   | Place    | Note
-------+----------+-------------------------------------------
     0 | D:1      | styxcanada the Spriggan Brigand began the quest for the
                  | Orb.
     0 | D:1      | Reached XP level 1. HP: 10/10 MP: 2/2
    36 | D:1      | Reached skill level 6 in Stealth
   408 | D:1      | Reached XP level 2. HP: 14/14 MP: 3/3
  1067 | D:2      | Found a faded altar of an unknown god.
  1093 | D:2      | Found Nius's General Store.
  1375 | D:2      | Reached skill level 7 in Stealth
  1375 | D:2      | Reached XP level 3. HP: 18/18 MP: 4/4
  2021 | D:3      | Reached XP level 4. HP: 21/23 MP: 5/5
  2161 | D:3      | Noticed Natasha
  2174 | D:3      | Killed Natasha
  2175 | D:3      | Reached skill level 8 in Stealth
  2175 | D:3      | Noticed Natasha
  2186 | D:3      | Killed Natasha
  2219 | D:3      | Reached XP level 5. HP: 23/26 MP: 6/6
  2339 | D:3      | Found a runed translucent door.
  2340 | D:3      | Noticed Crazy Yiuf
  2363 | D:3      | Killed Crazy Yiuf
  2538 | D:3      | Noticed Natasha
  2681 | D:3      | Killed Natasha
  3088 | D:4      | Noticed an orc warrior
  3125 | D:4      | Killed an orc warrior
  3126 | D:4      | Reached skill level 9 in Stealth
  3126 | D:4      | Reached XP level 6. HP: 6/32 MP: 7/7
  3568 | D:4      | Found an ornate altar of the Wu Jian Council.
  3617 | D:4      | HP: 1/32 [ogre/+0 giant club (21)]
  4027 | D:4      | Reached skill level 10 in Stealth
  4027 | D:4      | Reached XP level 7. HP: 19/35 MP: 8/8
  4475 | D:5      | Entered Level 5 of the Dungeon
  4532 | D:5      | Learned a level 1 spell: Magic Dart
  4535 | D:5      | Learned a level 2 spell: Searing Ray
  4569 | D:5      | Found Habiy's Distillery.
  4628 | D:5      | Killed from afar by an orc priest

Illustrated notes

Levels and vault maps discovered:
D:1:      giann_horns, layout_loops_ring, serial_bayou_crossing
D:2:      layout_basic, serial_shops, shop_statue, ebering_ecumenical_altar_box,
          minmay_fractal_squares_gapless_5
D:3:      layout_loops_ring, chequers_serial_rivers_micro_a,
          kennysheep_generic_room_12, uniq_crazy_yiuf_cottage, uniq_natasha
D:4:      layout_cave_pools, nicolae_overflow_hidden_temple,
          hangedman_abyss_or_decor_passed
D:5:      layout_gridville, serial_shops, kennysheep_mini_moat

Skill      XL: |  1  2  3  4  5  6 |
---------------+-------------------+-----
Stealth        | 6 7 8 9 10 | 10.0
Fighting       | 2 |  2.8
Dodging        | 2 3 |  3.9
Short Blades   | 3 |  3.5
Throwing       | 3 |  3.3
Slings         | |  0.3
Spellcasting   | |  0.1

Action                   |  1- 3 |  4- 6 |  7- 9 || total
-------------------------+-------+-------+-------++-------
Melee: Dagger            |    78 |    55 |     8 ||   141
       Quarterstaff      |       |     3 |       ||     3
       Punch             |       |     1 |       ||     1
 Fire: Hunting sling     |       |     8 |       ||     8
Throw: Dart              |    11 |    42 |       ||    53
       Stone             |       |     7 |       ||     7
 Stab: Sleeping          |    17 |     9 |     2 ||    28
       Distracted        |       |     1 |       ||     1
Armor: Robe              |     7 |     4 |       ||    11
Dodge: Dodged            |    45 |    32 |     4 ||    81
